Map: 幽暗之塔

Players

YouRush (JoJo)

  • Race: Zerg Zerg
  • League: Master

FWHas (Has) - Winner!

  • Race: Protoss Protoss
  • League: Master

Event: 2016 WCS Winter Challenger Taiwan

VOD

Have the link to the VOD?

Description

Time

  • Played on: Jan. 8, 2016, 5:58 a.m.
  • Length: 13:54

All games in this series

Show
View Real Time Build Order
Export as new Build Order

YouRush Zerg 

Build Orders: Pool First 

Get SALT Encoding   

  12  0:00  Drone  
  13  0:08  Drone  
  14  0:17  Overlord  
  17  0:35  Drone x3  
  17  0:45  Spawning Pool  
  17  0:49  Drone  
  17  0:57  Drone  
  18  1:20  Hatchery  
  18  1:23  Drone  
  18  1:28  Overlord  
  18  1:34  Queen  
  18  1:38  Zergling x2  
  21  1:49  Drone  
  22  2:00  Hatchery  
  21  2:07  Drone x2  
  23  2:11  Extractor  
  23  2:12  Extractor  
  21  2:18  Drone  
  22  2:26  Drone  
  25  2:32  Queen  
  25  2:34  Drone  
  25  2:35  Drone  
  27  2:42  Drone, Evolution Chamber  
  27  2:44  Drone  
  28  2:48  Drone  
  29  2:52  Drone  
  29  2:56  Drone  
  31  3:02  Metabolic Boost  
  31  3:07  Drone  
  31  3:10  Drone  
  33  3:14  Overlord  
  33  3:17  Drone  
  33  3:26  Drone  
  34  3:27  Zergling x8  
  38  3:34  Zerg Melee Weapons Level 1  
  38  3:37  Drone  
  38  3:38  Drone x2  
  38  3:40  Drone  
  42  3:42  Drone  
  43  3:49  Drone x2  
  43  3:50  Drone x2  
  43  3:51  Drone  
  43  3:52  Drone  
  43  3:55  Drone  
  50  3:59  Overlord  
  50  4:06  Overlord, Evolution Chamber  
  50  4:09  Roach Warren  
  48  4:11  Drone, Spore Crawler  
  48  4:13  Drone  
  48  4:15  Overlord  
  49  4:21  Drone x3  
  52  4:26  Drone x2  
  52  4:27  Drone  
  53  4:34  Drone x3  
  53  4:36  Drone  
  54  4:41  Lair  
  54  4:43  Drone x2  
  57  4:45  Drone, Extractor  
  57  4:46  Drone  
  57  4:47  Drone, Extractor  
  57  4:49  Overlord  
  57  4:53  Queen  
  57  4:54  Drone x2  
  57  4:58  Overlord  
  61  5:01  Drone, Extractor  
  61  5:02  Drone, Extractor  
  61  5:07  Zerg Ground Armor Level 1  
  60  5:22  Overlord  
  60  5:23  Overlord  
  60  5:25  Zergling x16  
  60  5:27  Drone x2  
  70  5:38  Drone  
  70  5:39  Drone  
  70  5:40  Zerg Melee Weapons Level 2  
  70  5:42  Drone  
  73  5:49  Infestation Pit  
  72  5:50  Drone x4  
  72  5:52  Hatchery  
  74  6:05  Drone  
  74  6:06  Drone x9  
  82  6:12  Overlord  
  78  6:27  Hive  
  78  6:28  Drone x2  
  78  6:29  Drone x2  
  79  6:36  Drone x6  
  85  6:44  Hatchery  
  84  6:47  Hatchery  
  84  6:53  Overseer  
  83  6:58  Roach x9  
  83  6:59  Roach  
  103  7:09  Overlord  
  103  7:13  Drone x6  
  103  7:14  Queen  
  111  7:24  Ravager  
  111  7:27  Overlord x3  
  112  7:32  Ravager x8  
  112  7:34  Overlord, Zerg Ground Armor Level 2  
  120  7:39  Overlord, Adrenal Glands  
  119  7:44  Spine Crawler, Extractor x2  
  119  7:46  Spine Crawler  
  115  7:54  Spore Crawler  
  115  7:55  Spore Crawler  
  115  7:56  Spore Crawler  
  112  7:58  Spore Crawler  
  112  7:59  Spore Crawler  
  112  8:00  Spore Crawler x2  
  112  8:01  Spore Crawler  
  112  8:04  Spore Crawler  
  101  8:14  Queen x3  
  101  8:16  Overlord  
  101  8:17  Overlord x3  
  107  8:25  Overlord, Pneumatized Carapace  
  107  8:26  Overlord x3  
  107  8:35  Overlord x4  
  107  8:43  Spore Crawler  
  107  8:44  Spore Crawler  
  102  8:54  Spore Crawler  
  101  8:57  Ultralisk Cavern  
  101  9:02  Pathogen Glands  
  98  9:03  Drone  
  98  9:04  Drone x2  
  98  9:09  Overlord x3  
  101  9:10  Overlord  
  101  9:14  Overlord x3  
  101  9:20  Spore Crawler  
  100  9:26  Overlord x6  
  100  9:39  Overlord x2  
  92  9:54  Ultralisk x2  
  92  9:57  Infestor  
  101  10:04  Infestor x6  
  105  10:08  Infestor  
  105  10:10  Infestor  
  109  10:24  Infestor  
  109  10:25  Infestor  
  109  10:37  Ultralisk  
  98  11:06  Ultralisk x3  
  116  11:31  Hatchery  
  115  11:33  Zergling x2  
  115  11:34  Zergling x16  
  124  11:51  Roach  
  124  11:52  Overlord x3  
  126  11:57  Overlord x2  
  126  12:13  Viper  
  126  12:14  Viper x3  
  133  12:37  Viper  
  133  12:38  Viper  
  133  12:39  Zergling x6  
  133  12:40  Zergling x20  
  152  12:44  Ravager  
  149  13:18  Zergling x8  
  138  13:22  Overseer  
  138  13:23  Overseer x6  
Show
View Real Time Build Order
Export as new Build Order

FWHas Protoss - Winner!

Build Orders: Nexus First 

Get SALT Encoding   

  12  0:01  Probe (Chrono Boost)  
  13  0:12  Probe (Chrono Boost)  
  14  0:17  Pylon  
  14  0:22  Probe (Chrono Boost)  
  16  0:35  Probe (Chrono Boost)  
  16  0:46  Probe (Chrono Boost)  
  17  1:00  Nexus  
  17  1:02  Probe (Chrono Boost)  
  18  1:13  Probe (Chrono Boost)  
  19  1:19  Gateway  
  19  1:23  Probe (Chrono Boost)  
  20  1:28  Assimilator  
  20  1:34  Probe (Chrono Boost)  
  20  1:35  Assimilator  
  21  1:44  Probe (Chrono Boost)  
  22  1:51  Pylon  
  22  1:55  Probe (Chrono Boost)  
  23  2:06  Cybernetics Core  
  23  2:09  Probe  
  26  2:16  Probe  
  26  2:21  Probe  
  28  2:27  Probe (Chrono Boost)  
  27  2:33  Probe (Chrono Boost)  
  28  2:38  Probe (Chrono Boost)  
  28  2:41  Pylon  
  28  2:42  Adept (Chrono Boost)  
  28  2:43  Warp Gate  
  33  2:44  Mothership Core (Chrono Boost)  
  33  2:48  Probe (Chrono Boost)  
  34  2:58  Probe  
  34  3:04  Probe  
  36  3:08  Probe  
  37  3:15  Twilight Council  
  37  3:16  Probe  
  37  3:19  Probe  
  37  3:26  Assimilator x2  
  38  3:27  Adept (Chrono Boost)  
  38  3:28  Probe  
  38  3:29  Probe  
  42  3:40  Probe x2  
  43  3:42  Nexus  
  43  3:43  Pylon  
  44  3:50  Probe  
  44  3:51  Resonating Glaives (Chrono Boost)  
  44  3:52  Probe  
  46  3:57  Sentry  
  46  4:01  Probe  
  48  4:04  Probe  
  48  4:05  Gateway  
  48  4:08  Gateway  
  50  4:11  Probe  
  51  4:18  Gateway  
  51  4:19  Probe  
  51  4:22  Probe  
  53  4:32  Probe  
  53  4:33  Probe  
  51  4:40  Gateway  
  51  4:41  Pylon  
  51  4:43  Probe  
  51  4:44  Probe  
  53  4:45  Gateway  
  53  4:53  Probe  
  53  4:54  Probe  
  53  4:55  Pylon  
  53  4:57  Probe  
  53  4:59  Sentry  
  58  5:03  Probe  
  58  5:04  Probe  
  58  5:06  Pylon, Adept x2  
  64  5:09  Probe  
  64  5:14  Probe  
  65  5:15  Probe  
  66  5:21  Probe  
  66  5:23  Pylon  
  66  5:24  Adept x2  
  73  5:29  Stargate  
  73  5:32  Stargate  
  73  5:33  Probe  
  73  5:34  Stargate, Probe  
  73  5:36  Probe, Sentry  
  76  5:43  Probe  
  76  5:44  Protoss Air Weapons Level 1 (Chrono Boost)  
  76  5:46  Probe  
  76  5:47  Probe  
  76  5:49  Assimilator  
  79  5:50  Assimilator  
  79  5:53  Pylon  
  79  5:54  Probe  
  80  5:58  Pylon  
  80  6:01  Robotics Facility  
  80  6:09  Probe x2  
  82  6:17  Phoenix x2 (Chrono Boost)  
  82  6:18  Phoenix (Chrono Boost)  
  84  6:30  Adept x5  
  84  6:31  Adept  
  92  6:39  Phoenix (Chrono Boost)  
  98  6:40  Phoenix (Chrono Boost)  
  98  6:42  Pylon  
  98  6:43  Phoenix (Chrono Boost)  
  98  6:55  Forge  
  98  7:01  Nexus, Phoenix x2 (Chrono Boost)  
  102  7:02  Pylon  
  102  7:05  Adept, Gateway  
  102  7:06  Phoenix (Chrono Boost)  
  106  7:20  Observer  
  106  7:21  Probe x3  
  110  7:23  Pylon, Phoenix x2 (Chrono Boost)  
  110  7:25  Pylon  
  110  7:27  Protoss Ground Weapons Level 1  
  110  7:28  Phoenix (Chrono Boost)  
  116  7:33  Probe  
  116  7:37  Fleet Beacon  
  117  7:40  Probe  
  117  7:42  Probe  
  119  7:45  Probe, Phoenix x2 (Chrono Boost)  
  124  7:51  Adept  
  124  7:53  Probe  
  124  7:55  Phoenix (Chrono Boost)  
  124  7:57  Warp Prism  
  130  8:03  Probe x2  
  130  8:05  Probe  
  131  8:06  Phoenix (Chrono Boost)  
  131  8:11  Phoenix (Chrono Boost)  
  135  8:17  Phoenix (Chrono Boost)  
  137  8:23  Adept x6  
  149  8:40  Assimilator  
  149  8:42  Tempest x2 (Chrono Boost), Assimilator  
  157  8:53  Gateway  
  157  8:56  Gateway  
  157  8:57  Gateway  
  157  9:00  Pylon  
  155  9:12  Adept x4  
  155  9:13  Adept x2  
  165  9:22  Protoss Air Weapons Level 2, Tempest (Chrono Boost)  
  165  9:23  Tempest (Chrono Boost)  
  169  9:32  Protoss Ground Weapons Level 2  
  163  9:56  Tempest (Chrono Boost)  
  167  10:03  Pylon  
  167  10:04  Pylon  
  167  10:06  Pylon  
  177  10:14  Tempest (Chrono Boost)  
  177  10:23  Tempest (Chrono Boost)  
  181  10:29  Nexus  
  181  10:33  Tempest (Chrono Boost)  
  178  10:51  Tempest (Chrono Boost)  
  150  11:00  Tempest (Chrono Boost)  
  134  11:10  Tempest (Chrono Boost)  
  136  11:23  Warp Prism  
  136  11:27  Tempest (Chrono Boost)  
  136  11:29  Charge (Chrono Boost)  
  136  11:32  Pylon  
  142  11:33  Pylon  
  142  11:35  Pylon, Zealot x5  
  142  11:36  Zealot x5  
  142  11:38  Pylon, Tempest  
  166  11:49  Tempest (Chrono Boost)  
  170  12:05  Assimilator  
  170  12:10  Tempest (Chrono Boost), Assimilator  
  170  12:12  Photon Cannon  
  170  12:13  Photon Cannon  
  170  12:14  Adept x2  
  178  12:19  Photon Cannon  
  178  12:21  Tempest (Chrono Boost)  
  176  12:32  Tempest (Chrono Boost)  
  166  12:51  Photon Cannon, Tempest (Chrono Boost)  
  170  12:52  Photon Cannon  
  169  13:00  Tempest (Chrono Boost)  
  169  13:02  Zealot x3  
  169  13:03  Zealot x4  
  169  13:04  Zealot  
  189  13:10  Tempest (Chrono Boost)  
  189  13:11  Zealot x2  
  193  13:44  Zealot x3  
Tags
 
Add a new tag
Caveats
  • Supply blocks, unpowered buildings, or Contaminate may cause inaccurate times.
  • Supply counts are checked every 10 seconds.